 Dungeon Crawl Stone Soup version 0.26-a0-1058-g8dc6ce00ff (webtiles) character file.

Game seed: 7321540587179046139

3766 Froggeryz the Fighter (level 10, -1/88 HPs)
             Began as a Gnoll Wanderer on Dec 13, 2020.
             Was a Priest of Okawaru.
             Succumbed to a queen ant's poison
             ... on level 8 of the Dungeon.
             The game lasted 00:11:00 (10386 turns).

Froggeryz the Fighter (Gnoll Wanderer)             Turns: 10386, Time: 00:11:01

Health: -1/88      AC:  8    Str: 20    XL:     10   Next: 15%
Magic:  17/17      EV: 14    Int: 12    God:    Okawaru [***...]
Gold:   383        SH:  0    Dex: 15    Spells: 15/19 levels left

rFire    + + .     SeeInvis .   B - +6 mace "Wiuloife" {flame, rF+}
rCold    . . .     Faith    .   (no shield)
rNeg     . . .     Spirit   .   F - +0 ring mail {rF+}
rPois    .         Reflect  .   q - +0 helmet
rElec    .         Harm     .   G - +0 cloak
rCorr    +         Rampage  .   (no gloves)
Will     .....                  (no boots)
Stlth    ++........             r - amulet of magic regeneration
HPRegen  0.24/turn              x - ring of resist corrosion
MPRegen  0.40/turn              (no ring)

@: lethally poisoned (-1 -> -163), about to teleport
A: distributed training, fangs 1, strong nose
a: Heroism, Renounce Religion


You were on level 8 of the Dungeon.
You worshipped Okawaru.
Okawaru was most pleased with you.
You visited 2 branches of the dungeon, and saw 9 of its levels.

You collected 383 gold pieces.

Inventory:

Hand Weapons
 a - a +2 hand crossbow
 u - a +2 short sword of protection
 B - the +6 mace "Wiuloife" (weapon) {flame, rF+}
   (You found it on level 4 of the Dungeon)

   It has been specially enchanted to burn those struck by it, causing extra
   injury to most foes and up to half again as much damage against particularly
   susceptible opponents.
   It protects you from fire.
Missiles
 b - 104 bolts
 h - 2 poisoned darts (quivered)
Armour
 q - a +0 helmet (worn)
 A - a +0 chain mail of fire resistance
 F - a +0 ring mail of fire resistance (worn)
 G - a +0 cloak (worn)
Jewellery
 r - an amulet of magic regeneration (around neck)
 x - a ring of resist corrosion (left hand)
Wands
 k - a wand of acid (2)
 t - a wand of paralysis (1)
 y - a wand of digging (4)
 D - a wand of flame (31)
Scrolls
 c - 4 scrolls of teleportation
 e - a scroll of amnesia {unknown}
 g - 2 scrolls of random uselessness {unknown}
 j - 11 scrolls of identify
 l - a scroll of magic mapping
 m - a scroll of noise
 n - a scroll of enchant weapon
 s - a scroll of silence {unknown}
 v - a scroll of immolation {unknown}
 z - a scroll of fear {unknown}
 E - a scroll of fog {unknown}
Potions
 d - 5 potions of lignification
 f - 4 potions of brilliance
 i - a potion of haste {unknown}
 p - 3 potions of curing
 w - 3 potions of flight {unknown}
 C - a potion of degeneration {unknown}


   Skills:
 + Level 11.4 Fighting
 + Level 5.0 Short Blades
 + Level 5.0 Long Blades
 + Level 5.0 Axes
 + Level 5.7 Maces & Flails
 + Level 5.0 Polearms
 + Level 5.0 Staves
 + Level 5.0 Slings
 + Level 5.0 Bows
 + Level 6.8 Crossbows
 + Level 5.0 Throwing
 + Level 5.0 Armour
 + Level 5.0 Dodging
 + Level 5.0 Stealth
 + Level 5.7 Shields
 + Level 5.0 Unarmed Combat
 + Level 5.0 Spellcasting
 + Level 4.1 Conjurations
 + Level 4.1 Hexes
 + Level 4.1 Summonings
 + Level 4.1 Necromancy
 + Level 4.1 Translocations
 + Level 4.1 Transmutations
 + Level 4.1 Fire Magic
 + Level 4.1 Ice Magic
 + Level 4.1 Air Magic
 + Level 4.1 Earth Magic
 + Level 4.1 Poison Magic
 + Level 5.5 Invocations
 + Level 5.7 Evocations


You had 15 spell levels left.
You knew the following spells:

 Your Spells              Type           Power        Failure   Level
a - Blink                 Tloc           N/A          9%          2
b - Slow                  Hex            ##......     9%          2

Your spell library contained the following spells:

 Spells                   Type           Power        Failure   Level
 Beastly Appendage        Tmut           ##....       6%          1
 Magic Dart               Conj           ##..         6%          1
 Call Imp                 Summ           ##......     9%          2
 Wereblood                Tmut           ##......     9%          2
 Conjure Flame            Conj/Fire      ##......     19%         3
 Mephitic Cloud           Conj/Pois/Air  ##......     19%         3
 Spider Form              Tmut/Pois      ##........   19%         3
 Ice Form                 Ice/Tmut       ##......     52%         4
 Blade Hands              Tmut           ##........   86%         5


Dungeon Overview and Level Annotations

Branches:
Dungeon (8/15)             Temple (1/1) D:4            Lair (0/6) D:8

Altars:
Cheibriados
Dithmenos
Elyvilon
Fedhas
Gozag
Hepliaklqana
Kikubaaqudgha
Makhleb
Nemelex Xobeh
Okawaru
Qazlal
Ru
Sif Muna
Trog
Uskayaw
Wu Jian
Xom
The Shining One

Shops:
D:5 }


Innate Abilities, Weirdness & Mutations

Your experience applies equally to all skills.
You have very sharp teeth.
Your uncanny sense of smell can sniff out nearby items.


Message History

You feel very sick. The queen ant stings you!
You are more poisoned.
The queen ant poisons you!
Evoke which item? (* to show all) (? for menu, Esc to quit)
Aiming: Paralyse
Press: ? - help, Shift-Dir - straight line, f/p - queen ant
Aim: a queen ant (lightly wounded, slow, chance to affect: 28%)
The queen ant easily resists.
You feel extremely sick. The queen ant stings you!
You are more poisoned.
The queen ant poisons you!
As you read the scroll of teleportation, it crumbles to dust.
You feel strangely unstable.
* * * LOW HITPOINT WARNING * * *
You feel extremely sick.
* * * LOW HITPOINT WARNING * * *
You feel extremely sick.
You die...

. ∆ . # .## ...P ## .#.
.. ♣......# ##.. #..
∆.. ........ ..# #.# #.
..♣....# #.# #.# #.#
.♣....# #.## #.##..#
.....P# #..###..#..#
......# #.#...@#B#
P.....#####.##.†.##B..#
.................# #..#
......#..##......# ...#
....>.#..#####.##.#
#... ♣##.###<.# #.# ##
.#.. # #.###..# #.# . #
#......# #.# . ######.#
#.#


There were no monsters in sight!

Vanquished Creatures
  2 wyverns (D:7)
  A soldier ant (D:8)
  4 water moccasins
  2 orc warriors
  2 ice beasts
  A phantom (D:6)
  A sky beast (D:7)
  3 ogres
  5 black bears
  3 centaurs
  A big kobold (D:7)
  2 bullfrogs
  A scorpion (D:2)
  2 water moccasin skeletons
  3 wights (D:7)
  A howler monkey (D:6)
  A centaur zombie (D:5)
  3 jellies (D:6)
  A quasit (D:8)
  A hound (D:8)
  A centaur skeleton (D:6)
  7 orc priests
  Crazy Yiuf (D:6)
  Jessica (D:2)
  Ijyb (D:4)
  An iguana (D:7)
  An orc wizard (D:7)
  3 worker ants
  A hound skeleton (D:6)
  A howler monkey zombie (D:5)
  3 gnolls (D:2)
  10 adders
  A white imp (D:6)
  2 oozes (D:3)
  3 worms
  4 dart slugs
  3 leopard geckos
  33 orcs
  6 bats
  6 giant cockroaches
  10 goblins
  6 hobgoblins
  14 kobolds
  A ball python zombie (D:5)
  6 frilled lizards
  7 rats
173 creatures vanquished.

Vanquished Creatures (others)
  2 fungi (D:8)
  9 plants (D:8)
11 creatures vanquished.

Grand Total: 184 creatures vanquished

Notes
Turn   | Place    | Note
-------+----------+-------------------------------------------
     0 | D:1      | Reached skill level 10 in Fighting
     0 | D:1      | Froggeryz the Gnoll Wanderer began the quest for the Orb.
     0 | D:1      | Froggeryz set off with the following items: a +2 hand
                  | crossbow, 29 bolts, a +0 ring mail, a potion of
                  | lignification
     0 | D:1      | Reached XP level 1. HP: 28/28 MP: 1/1
   168 | D:1      | Reached XP level 2. HP: 35/36 MP: 2/2
   830 | D:1      | Reached XP level 3. HP: 42/42 MP: 3/3
  1095 | D:2      | Noticed Jessica
  1107 | D:2      | Killed Jessica
  1108 | D:2      | Reached skill level 1 in Short Blades
  1108 | D:2      | Reached skill level 1 in Long Blades
  1108 | D:2      | Reached skill level 1 in Axes
  1108 | D:2      | Reached skill level 1 in Polearms
  1108 | D:2      | Reached skill level 1 in Staves
  1108 | D:2      | Reached skill level 1 in Slings
  1108 | D:2      | Reached skill level 1 in Bows
  1108 | D:2      | Reached skill level 1 in Throwing
  1108 | D:2      | Reached skill level 1 in Armour
  1108 | D:2      | Reached skill level 1 in Dodging
  1108 | D:2      | Reached skill level 1 in Stealth
  1108 | D:2      | Reached skill level 1 in Unarmed Combat
  1108 | D:2      | Reached skill level 1 in Spellcasting
  1108 | D:2      | Reached skill level 1 in Invocations
  1233 | D:2      | Reached XP level 4. HP: 48/48 MP: 5/5
  1349 | D:2      | Reached skill level 1 in Conjurations
  1349 | D:2      | Reached skill level 1 in Hexes
  1349 | D:2      | Reached skill level 1 in Summonings
  1349 | D:2      | Reached skill level 1 in Necromancy
  1349 | D:2      | Reached skill level 1 in Translocations
  1349 | D:2      | Reached skill level 1 in Transmutations
  1349 | D:2      | Reached skill level 1 in Fire Magic
  1349 | D:2      | Reached skill level 1 in Ice Magic
  1349 | D:2      | Reached skill level 1 in Air Magic
  1349 | D:2      | Reached skill level 1 in Earth Magic
  1349 | D:2      | Reached skill level 1 in Poison Magic
  1808 | D:2      | Reached XP level 5. HP: 54/54 MP: 5/7
  2375 | D:2      | Found a glowing golden altar of the Shining One.
  2607 | D:3      | Reached XP level 6. HP: 50/61 MP: 8/8
  2903 | D:3      | You fall into a shaft and drop 3 floors!
  2922 | D:6      | Reached skill level 5 in Crossbows
  3059 | D:6      | Noticed an ice beast
  3071 | D:6      | Killed an ice beast
  3072 | D:6      | Reached XP level 7. HP: 67/67 MP: 10/10
  3250 | D:5      | Entered Level 5 of the Dungeon
  3488 | D:5      | Found Fegikkal's Gadget Emporium.
  3809 | D:3      | Learned a level 2 spell: Blink
  3925 | D:3      | Noticed a +0 dagger
  3926 | D:3      | Noticed a +0 dagger
  3928 | D:3      | Found a hide-covered altar of Uskayaw.
  4678 | D:4      | Noticed Ijyb
  4697 | D:4      | Killed Ijyb
  4768 | D:4      | Reached XP level 8. HP: 74/74 MP: 12/12
  4778 | D:4      | Found a staircase to the Ecumenical Temple.
  4813 | D:4      | Got a fading mace
  4814 | D:4      | Identified the +6 mace "Wiuloife" {flame, rF+} (You found
                  | it on level 4 of the Dungeon)
  4822 | Temple   | Entered the Ecumenical Temple
  4947 | D:4      | Found an iron altar of Okawaru.
  4954 | D:4      | Became a worshipper of Warmaster Okawaru
  5668 | D:5      | Found a blossoming altar of Fedhas.
  6637 | D:6      | Found a shimmering blue altar of Sif Muna.
  6839 | D:6      | Reached * piety under Okawaru
  7119 | D:6      | Found a runed translucent door.
  7120 | D:6      | Noticed Crazy Yiuf
  7345 | D:6      | Reached skill level 11 in Fighting
  7607 | D:6      | Killed Crazy Yiuf
  7608 | D:6      | Reached XP level 9. HP: 59/81 MP: 14/14
  7816 | D:7      | Found a hazy altar of Hepliaklqana.
  8176 | D:7      | Found a flagged portal.
  8319 | D:7      | Reached ** piety under Okawaru
  8369 | D:7      | Reached skill level 5 in Maces & Flails
  8369 | D:7      | Reached skill level 5 in Shields
  8369 | D:7      | Reached skill level 5 in Evocations
  8728 | D:7      | Learned a level 2 spell: Slow
  8837 | D:7      | Found an opulent altar of Gozag.
  9620 | D:7      | Reached skill level 5 in Invocations
 10017 | D:8      | Reached XP level 10. HP: 78/88 MP: 17/17
 10059 | D:8      | Found a staircase to the Lair.
 10064 | D:8      | Reached *** piety under Okawaru
 10200 | D:8      | Reached skill level 5 in Short Blades
 10200 | D:8      | Reached skill level 5 in Long Blades
 10200 | D:8      | Reached skill level 5 in Axes
 10200 | D:8      | Reached skill level 5 in Polearms
 10200 | D:8      | Reached skill level 5 in Staves
 10200 | D:8      | Reached skill level 5 in Slings
 10200 | D:8      | Reached skill level 5 in Bows
 10200 | D:8      | Reached skill level 5 in Throwing
 10200 | D:8      | Reached skill level 5 in Armour
 10200 | D:8      | Reached skill level 5 in Dodging
 10200 | D:8      | Reached skill level 5 in Stealth
 10200 | D:8      | Reached skill level 5 in Unarmed Combat
 10200 | D:8      | Reached skill level 5 in Spellcasting
 10371 | D:8      | Noticed a queen ant
 10386 | D:8      | Succumbed to a queen ant's poison

Illustrated notes

Levels and vault maps discovered:
D:1:      scummos_arrival_hexagon, layout_basic
D:2:      layout_loops_corners, nicolae_tso_swordbearing_angel, uniq_jessica
D:3:      layout_basic, dancing_weapons_uskayaw, fountainhead
D:4:      layout_basic, kennysheep_okawaru_gauntlet, temple_hall, minivault_14,
          uniq_ijyb
D:5:      layout_loops_ring, old_standard_altar, serial_shops,
          kennysheep_little_box
D:6:      layout_loops_ring, basic_altar, uniq_crazy_yiuf_cottage
D:7:      layout_gridville, marbit_many_paths, general_overflow_altar,
          enter_bailey_4, minivault_23
D:8:      layout_loops_ring, gammafunk_temple_overflow_claw,
          minmay_lair_entry_grove, hangedman_decor_lopped,
          minmay_another_anthill
Temple:   nicolae_temple_x_marks_the_god

Skill      XL: |  1  2  3  4  5  6  7  8  9 10 |
---------------+-------------------------------+-----
Fighting       | 11 | 11.4
Short Blades   | 1 2 3 4 5 |  5.0
Long Blades    | 1 2 3 4 5 |  5.0
Axes           | 1 2 3 4 5 |  5.0
Polearms       | 1 2 3 4 5 |  5.0
Staves         | 1 2 3 4 5 |  5.0
Slings         | 1 2 3 4 5 |  5.0
Bows           | 1 2 3 4 5 |  5.0
Throwing       | 1 2 3 4 5 |  5.0
Armour         | 1 2 3 4 5 |  5.0
Dodging        | 1 2 3 4 5 |  5.0
Stealth        | 1 2 3 4 5 |  5.0
Unarmed Combat | 1 2 3 4 5 |  5.0
Spellcasting   | 1 2 3 4 5 |  5.0
Invocations    | 1 2 3 4 5 |  5.5
Conjurations   | 1 2 3 4 |  4.1
Hexes          | 1 2 3 4 |  4.1
Summonings     | 1 2 3 4 |  4.1
Necromancy     | 1 2 3 4 |  4.1
Translocations | 1 2 3 4 |  4.1
Transmutations | 1 2 3 4 |  4.1
Fire Magic     | 1 2 3 4 |  4.1
Ice Magic      | 1 2 3 4 |  4.1
Air Magic      | 1 2 3 4 |  4.1
Earth Magic    | 1 2 3 4 |  4.1
Poison Magic   | 1 2 3 4 |  4.1
Maces & Flails | 3 4 5 |  5.7
Shields        | 3 4 5 |  5.7
Evocations     | 3 4 5 |  5.7
Crossbows      | 5 6 |  6.8

Action                   |  1- 3 |  4- 6 |  7- 9 | 10-12 || total
-------------------------+-------+-------+-------+-------++-------
Melee: Mace              |    55 |    26 |   230 |    35 ||   346
       Bite              |     4 |    18 |    41 |     2 ||    65
       Flail             |       |   123 |    24 |       ||   147
       Punch             |       |     1 |     6 |     1 ||     8
       Short sword       |       |       |    94 |       ||    94
 Fire: Hand crossbow     |    10 |       |     2 |       ||    12
 Cast: Slow              |       |       |     1 |     3 ||     4
       Blink             |       |       |     1 |       ||     1
Evoke: Wand              |       |       |     1 |     1 ||     2
  Use: Potion            |       |     1 |     3 |       ||     4
       Scroll            |       |       |     8 |     1 ||     9
 Stab: Paralysed         |       |       |     3 |       ||     3
       Sleeping          |       |       |     1 |     1 ||     2
Armor: Ring mail         |    16 |       |    86 |    15 ||   117
       Scale mail        |    11 |    49 |    35 |       ||    95
       Skin              |       |     7 |       |       ||     7
       Chain mail        |       |       |    33 |       ||    33
Dodge: Dodged            |    39 |    80 |   253 |    30 ||   402

Table legend: (Time is in decaauts)
 A = Elapsed time spent in this place.
 B = Non-inter-level travel time spent in this place.
 C = Inter-level travel time spent in this place.
 D = Time resting spent in this place.
 E = Time spent auto-exploring this place.
 F = Levels seen in this place.
 G = Mean time per level.
                   A        B        C        D        E       F      G
               +--------+--------+--------+--------+--------+-----+--------+
         Total |  10499 |   9985 |    514 |   2374 |   5929 |   9 | 1166.6 |
       Dungeon |  10427 |   9921 |    506 |   2374 |   5870 |   8 | 1303.4 |
        Temple |     71 |     63 |      8 |      0 |     59 |   1 |   71.0 |
               +--------+--------+--------+--------+--------+-----+--------+

Top non-repeatable levels by time:
     D:7: 1933 daAuts
     D:6: 1930 daAuts
     D:5: 1417 daAuts
     D:2: 1381 daAuts
     D:4: 1156 daAuts
     D:3: 1109 daAuts
     D:1: 1089 daAuts
     D:8: 409 daAuts
  Temple: 71 daAuts
